TOP OF THE 1ST |
---|
Nevada Noise batting - Pitching for New Orleans Looters : RHP Chris Martin | Pitching: RHP Chris Martin | | Batting: RHB Pedro Rosado | 0-0: Called Strike 0-1: Ball 1-1: Ground out 4-3 (Groundball, 4M) | Batting: SHB Víctor Serrano | 0-0: SINGLE (Groundball, 3S) (infield hit) | Batting: LHB Santiago Márquez | 0-0: Called Strike 0-1: Ball 1-1: Ball 2-1: Ball 3-1: Called Strike 3-2: Foul Ball, location: 2F 3-2: Foul Ball, location: 2F 3-2: Fly out, F5 (Popup, 25F) | Batting: RHB Luis Cruz | 0-0: Ball 1-0: Ground out 3-1 (Groundball, 34S) | Top of the 1st over - 0 runs, 1 hit, 0 errors, 1 left on base; Nevada 0 - New Orleans 0 | BOTTOM OF THE 1ST |
---|
New Orleans Looters batting - Pitching for Nevada Noise : RHP Toshikasu Kiyomizu | Pitching: RHP Toshikasu Kiyomizu | | Batting: SHB Arturo Sánchez | 0-0: Ball 1-0: Swinging Strike 1-1: Called Strike 1-2: Ball 2-2: Ball 3-2: Base on Balls | Batting: LHB Miguel Colón | 0-0: Ball 1-0: Ball 2-0: Called Strike 2-1: Fly out, F8 (Line Drive, 8RD) | Batting: LHB Jorge Martínez | 0-0: Called Strike 0-1: Ball 1-1: Ball 2-1: Ball 3-1: Foul Ball, location: 2F 3-2: Base on Balls Arturo Sánchez to second | Batting: LHB Taylor Smith | 0-0: Called Strike 0-1: Foul Ball, location: 2F 0-2: Strikes out swinging | Batting: SHB Oliver Deleón | 0-0: Ball 1-0: Fielders Choice at 2nd, 6-4 (Groundball, 6) | Bottom of the 1st over - 0 runs, 0 hits, 0 errors, 2 left on base; Nevada 0 - New Orleans 0 | TOP OF THE 2ND |
---|
Nevada Noise batting - Pitching for New Orleans Looters : RHP Chris Martin | Batting: LHB Milton Watson | 0-0: Ball 1-0: Ball 2-0: Swinging Strike 2-1: Foul Ball, location: 2F 2-2: Foul Ball, location: 2F 2-2: Foul Ball, location: 2F 2-2: Fly out, F8 (Flyball, 8LD) | Batting: RHB Rich Ruffin | 0-0: Ball 1-0: Fly out, F8 (Flyball, 8RXD) | Batting: RHB Fernando Gálvez | 0-0: Called Strike 0-1: Swinging Strike 0-2: Ball 1-2: DOUBLE (Flyball, 8LXD) | Batting: RHB Jorge Márquez | 0-0: Called Strike 0-1: Ground out 5-3 (Groundball, 25) | Top of the 2nd over - 0 runs, 1 hit, 0 errors, 1 left on base; Nevada 0 - New Orleans 0 | BOTTOM OF THE 2ND |
---|
New Orleans Looters batting - Pitching for Nevada Noise : RHP Toshikasu Kiyomizu | Batting: RHB Dave O'Loan | 0-0: Ground out 3-1 (Groundball, 34S) | Batting: RHB John Mendelson | 0-0: Ball 1-0: Ball 2-0: Foul Ball, location: 2F 2-1: Ball 3-1: Base on Balls | Batting: SHB Derek Roach | 0-0: Ball John Mendelson steals 2nd base 1-0: Swinging Strike 1-1: Called Strike 1-2: Strikes out swinging | Batting: LHB Tony Abete | 0-0: Fly out, F4 (Line Drive, 4M) | Bottom of the 2nd over - 0 runs, 0 hits, 0 errors, 1 left on base; Nevada 0 - New Orleans 0 | TOP OF THE 3RD |
---|
Nevada Noise batting - Pitching for New Orleans Looters : RHP Chris Martin | Batting: RHB Max Jones | 0-0: Foul Ball, location: 2F 0-1: Ball 1-1: Ball 2-1: Swinging Strike 2-2: Strikes out swinging | Batting: RHB Pedro Rosado | 0-0: Called Strike 0-1: Called Strike 0-2: Ground out 4-3 (Groundball, 4S) | Batting: SHB Víctor Serrano | 0-0: Swinging Strike 0-1: Foul Ball, location: 2F 0-2: Foul Ball, location: 2F 0-2: Ball 1-2: Foul Ball, location: 2F 1-2: Strikes out looking | Top of the 3rd over - 0 runs, 0 hits, 0 errors, 0 left on base; Nevada 0 - New Orleans 0 | BOTTOM OF THE 3RD |
---|
New Orleans Looters batting - Pitching for Nevada Noise : RHP Toshikasu Kiyomizu | Batting: SHB Arturo Sánchez | 0-0: Ball 1-0: Swinging Strike 1-1: Foul Ball, location: 2F 1-2: Foul Ball, location: 2F 1-2: Ball 2-2: Foul Ball, location: 2F 2-2: Ground out 6-3 (Groundball, 6) | Batting: LHB Miguel Colón | 0-0: Called Strike 0-1: Foul Ball, location: 2F 0-2: Ball 1-2: Foul Ball, location: 2F 1-2: Ball 2-2: Reached on error, E4 (Groundball, 4) | Batting: LHB Jorge Martínez | 0-0: Ball Miguel Colón is caught stealing 2nd base 1-0: Ball 2-0: Ball 3-0: Base on Balls | Batting: LHB Taylor Smith | 0-0: Ball 1-0: Foul Ball, location: 2F 1-1: Ball 2-1: Ball 3-1: Foul Ball, location: 2F 3-2: Ground out U3 (Groundball, 3) | Bottom of the 3rd over - 0 runs, 0 hits, 1 error, 1 left on base; Nevada 0 - New Orleans 0 | TOP OF THE 4TH |
---|
Nevada Noise batting - Pitching for New Orleans Looters : RHP Chris Martin | Batting: LHB Santiago Márquez | 0-0: Ball 1-0: Fly out, F6 (Line Drive, 6) | Batting: RHB Luis Cruz | 0-0: Ball 1-0: Ball 2-0: SINGLE (Flyball, 8RS) | Batting: LHB Milton Watson | 0-0: Ball Wild Pitch! Luis Cruz to second 1-0: Called Strike 1-1: Swinging Strike 1-2: Strikes out swinging | Batting: RHB Rich Ruffin | 0-0: Swinging Strike 0-1: Called Strike 0-2: Strikes out swinging | Top of the 4th over - 0 runs, 1 hit, 0 errors, 1 left on base; Nevada 0 - New Orleans 0 | BOTTOM OF THE 4TH |
---|
New Orleans Looters batting - Pitching for Nevada Noise : RHP Toshikasu Kiyomizu | Batting: SHB Oliver Deleón | 0-0: Swinging Strike 0-1: Foul Ball, location: 2F 0-2: Foul Ball, location: 2F 0-2: SOLO HOME RUN (Flyball, 9D), Distance : 356 ft | Batting: RHB Dave O'Loan | 0-0: Called Strike 0-1: Foul Ball, location: 2F 0-2: Foul Ball, location: 2F 0-2: Ground out 6-3 (Groundball, 6) | Batting: RHB John Mendelson | 0-0: Ball 1-0: SINGLE (Flyball, 7LS) | Batting: SHB Derek Roach | 0-0: Ball 1-0: Ball 2-0: DOUBLE (Line Drive, 9LD) John Mendelson to third | Batting: LHB Tony Abete | 0-0: Ball 1-0: Foul Ball, location: 2F 1-1: Called Strike 1-2: Ball Passed Ball! John Mendelson scores Derek Roach to third 2-2: Ball 3-2: Base on Balls | Batting: SHB Arturo Sánchez | 0-0: Ball 1-0: Called Strike 1-1: Foul Ball, location: 2F 1-2: Fly out, F5 (Flyball, 5D) | Batting: LHB Miguel Colón | 0-0: Ground out 4-3 (Groundball, 4MS) | Bottom of the 4th over - 2 runs, 3 hits, 0 errors, 2 left on base; Nevada 0 - New Orleans 2 | TOP OF THE 5TH |
---|
Nevada Noise batting - Pitching for New Orleans Looters : RHP Chris Martin | Batting: RHB Fernando Gálvez | 0-0: Called Strike 0-1: Ball 1-1: Ground out U3 (Groundball, 34S) | Batting: RHB Jorge Márquez | 0-0: Called Strike 0-1: Ball 1-1: Called Strike 1-2: Fly out, F9 (Flyball, 9) | Batting: RHB Max Jones | 0-0: Ball 1-0: Foul Ball, location: 2F 1-1: Ball 2-1: Fly out, F7 (Flyball, 7S) | Top of the 5th over - 0 runs, 0 hits, 0 errors, 0 left on base; Nevada 0 - New Orleans 2 | BOTTOM OF THE 5TH |
---|
New Orleans Looters batting - Pitching for Nevada Noise : RHP Toshikasu Kiyomizu | Batting: LHB Jorge Martínez | 0-0: Foul Ball, location: 2F 0-1: Called Strike 0-2: Ball 1-2: Ball 2-2: Foul Ball, location: 2F 2-2: SINGLE (Groundball, 4MD) | Batting: LHB Taylor Smith | 0-0: Called Strike 0-1: DOUBLE (Groundball, 3L) Jorge Martínez to third | Batting: SHB Oliver Deleón | 0-0: Ground out 6-3 (Groundball, 6) Jorge Martínez scores | Batting: RHB Dave O'Loan | 0-0: Ball 1-0: Foul Ball, location: 2F 1-1: Ball 2-1: Fly out, F5 (Popup, 5SF) | Batting: RHB John Mendelson | 0-0: Fly out, F8 (Line Drive, 89M) | Bottom of the 5th over - 1 run, 2 hits, 0 errors, 1 left on base; Nevada 0 - New Orleans 3 | TOP OF THE 6TH |
---|
Nevada Noise batting - Pitching for New Orleans Looters : RHP Chris Martin | Batting: RHB Pedro Rosado | 0-0: Called Strike 0-1: Ground out U3 (Groundball, 34) | Batting: SHB Víctor Serrano | 0-0: Fly out, F8 (Flyball, 8RXD) | Batting: LHB Santiago Márquez | 0-0: Ball 1-0: SOLO HOME RUN (Flyball, 9D), Distance : 378 ft | Batting: RHB Luis Cruz | 0-0: Foul Ball, location: 2F 0-1: Ball 1-1: Ground out 4-3 (Groundball, 4) | Top of the 6th over - 1 run, 1 hit, 0 errors, 0 left on base; Nevada 1 - New Orleans 3 | BOTTOM OF THE 6TH |
---|
New Orleans Looters batting - Pitching for Nevada Noise : RHP Toshikasu Kiyomizu | Batting: SHB Derek Roach | 0-0: Ball 1-0: Ball 2-0: Ball 3-0: Called Strike 3-1: Fly out, F8 (Line Drive, 8RM) | Batting: LHB Tony Abete | 0-0: Ground out 6-3 (Groundball, 6) | Batting: SHB Arturo Sánchez | 0-0: SINGLE (Groundball, 34D) | Batting: LHB Miguel Colón | 0-0: Called Strike 0-1: Called Strike 0-2: Ball 1-2: Foul Ball, location: 2F 1-2: Fly out, F8 (Flyball, 8RXD) | Bottom of the 6th over - 0 runs, 1 hit, 0 errors, 1 left on base; Nevada 1 - New Orleans 3 | TOP OF THE 7TH |
---|
Nevada Noise batting - Pitching for New Orleans Looters : RHP Chris Martin | Batting: LHB Milton Watson | 0-0: Ball 1-0: Ball 2-0: Foul Ball, location: 2F 2-1: Ground out 1-3 (Groundball, 13S) | Batting: RHB Rich Ruffin | 0-0: Foul Ball, location: 2F 0-1: Called Strike 0-2: Ball 1-2: Ground out 6-3 (Groundball, 6) | Batting: RHB Fernando Gálvez | 0-0: Ball 1-0: Foul Ball, location: 2F 1-1: Called Strike 1-2: SOLO HOME RUN (Flyball, 9D), Distance : 377 ft | Batting: RHB Jorge Márquez | 0-0: Ball 1-0: Called Strike 1-1: Ground out 5-3 (Groundball, 56) | Top of the 7th over - 1 run, 1 hit, 0 errors, 0 left on base; Nevada 2 - New Orleans 3 | BOTTOM OF THE 7TH |
---|
New Orleans Looters batting - Pitching for Nevada Noise : RHP Toshikasu Kiyomizu | Pitching: RHP Luis Cortéz | | Batting: LHB Jorge Martínez | 0-0: Ball 1-0: Ball 2-0: Called Strike 2-1: Ball 3-1: Base on Balls | Batting: LHB Taylor Smith | 0-0: Ball 1-0: Grounds into double play, 5-4-3 (Groundball, 5L) | Batting: SHB Oliver Deleón | 0-0: Ball 1-0: Fly out, F7 (Flyball, 7) | Bottom of the 7th over - 0 runs, 0 hits, 0 errors, 0 left on base; Nevada 2 - New Orleans 3 | TOP OF THE 8TH |
---|
Nevada Noise batting - Pitching for New Orleans Looters : RHP Chris Martin | Batting: RHB Max Jones | 0-0: Swinging Strike 0-1: Ball 1-1: Ball 2-1: Foul Ball, location: 2F 2-2: Ground out 5-3 (Groundball, 56) | Batting: RHB Pedro Rosado | 0-0: Swinging Strike 0-1: Swinging Strike 0-2: Ball 1-2: Ball 2-2: Ball 3-2: Fly out, F3 (Line Drive, 3) | Batting: SHB Víctor Serrano | 0-0: Called Strike 0-1: Ball 1-1: Ground out 5-3 (Groundball, 56) | Top of the 8th over - 0 runs, 0 hits, 0 errors, 0 left on base; Nevada 2 - New Orleans 3 | BOTTOM OF THE 8TH |
---|
New Orleans Looters batting - Pitching for Nevada Noise : RHP Luis Cortéz | Batting: RHB Dave O'Loan | 0-0: Ball 1-0: Called Strike 1-1: Ball 2-1: Foul Ball, location: 2F 2-2: SINGLE (Groundball, 56D) | Batting: RHB John Mendelson | 0-0: Bunted foul 0-1: Bunted foul 0-2: Foul Ball, location: 2F 0-2: Ball 1-2: Ball 2-2: Fielders Choice at 2nd, 6-4 (Groundball, 6) | Batting: SHB Derek Roach | 0-0: Ball John Mendelson steals 2nd base 1-0: Fly out, F8 (Line Drive, 8LM) Runner from 2nd tags up, SAFE at 3rd with throw | Batting: LHB Tony Abete | 0-0: Ball Wild Pitch! John Mendelson scores 1-0: Called Strike 1-1: Called Strike 1-2: Strikes out swinging | Bottom of the 8th over - 1 run, 1 hit, 0 errors, 0 left on base; Nevada 2 - New Orleans 4 | TOP OF THE 9TH |
---|
Nevada Noise batting - Pitching for New Orleans Looters : RHP Chris Martin | Pitching: LHP Juan Méndez | | Batting: LHB Santiago Márquez | 0-0: Ball 1-0: Called Strike 1-1: Foul Ball, location: 2F 1-2: Fly out, F8 (Flyball, 8RS) | Batting: RHB Luis Cruz | 0-0: Swinging Strike 0-1: Ball 1-1: Foul Ball, location: 2F 1-2: Foul Ball, location: 2F 1-2: Ball 2-2: Ground out 3-1 (Groundball, 34) | Batting: LHB Milton Watson | 0-0: Ball 1-0: Called Strike 1-1: Swinging Strike 1-2: Strikes out swinging, 2-3 out at first. | Top of the 9th over - 0 runs, 0 hits, 0 errors, 0 left on base; Nevada 2 - New Orleans 4 | |